 Dungeon Crawl Stone Soup version 0.25-a0-599-g15d2498 (webtiles) character file.

Game seed: 6458219032013682806, levelgen mode: deterministic

12 EtherCrawl the Ducker (level 2, 22/27 HPs)
             Began as a Hedgehog Derserker on Dec 31, 2019.
             Quit the game on level 1 of the Dungeon.
             The game lasted 00:00:56 (119 turns).

EtherCrawl the Ducker (Hedgehog Derserker)           Turns: 119, Time: 00:00:56

Health: 22/27      AC:  0    Str: 23    XL:     2   Next: 45%
Magic:  1/1        EV: 13    Int:  5    God:
Gold:   4          SH:  0    Dex: 13    Spells: 1/1 levels left Game modifiers: None

rFire    . . .     SeeInvis .   b - +8 Wrath of Trog {antimagic, *Rage}
rCold    . . .     Gourm    .   (shield currently unavailable)
rNeg     . . .     Faith    .   (armour unavailable)
rPois    .         Spirit   .   (helmet unavailable)
rElec    .         Reflect  .   (cloak unavailable)
rCorr    .         Harm     .   (no gloves)
MR       .....     Rnd*Rage +   (no boots)
Stlth    ..........             (no amulet)
HPRegen  0.09/turn              (no ring)
MPRegen  0.07/turn              (no ring)

@: berserking, very quick
A: boots and gloves only, speed 3, screaming 3, spiny 1, always fast
a: no special abilities


You were on level 1 of the Dungeon.
You were not hungry.

You visited 1 branch of the dungeon, and saw 1 of its levels.

You collected 4 gold pieces.

Inventory:

Hand Weapons
 a - a +8 war axe of flaming
 b - the +8 Wrath of Trog (weapon) {antimagic, *Rage}

   It reduces the magical energy of the wielder, and disrupts the spells and
   magical abilities of those hit.
   Natural abilities and divine invocations are not affected.
   It may make you go berserk in combat.
Scrolls
 d - a scroll of remove curse {unknown}
Comestibles
 c - 2 rations


   Skills:
 + Level 2.5 Fighting
 * Level 3.0 Axes
 + Level 3.3 Dodging


You had one spell level left.
You didn't know any spells.
Your spell library was empty.

Dungeon Overview and Level Annotations

Branches:
Dungeon (1/15)

Altars:


Innate Abilities, Weirdness & Mutations

You can only wear boots and gloves.
You cover ground extremely quickly.
You frequently scream uncontrollably at your foes.
You are partially covered in sharp spines.
You always move and act at sonic speed.


Message History

The kobold closely misses you.
You closely miss the kobold. The kobold is struck by your spines.
The kobold closely misses you.
A red film seems to cover your vision as you go berserk!
You feel yourself moving faster!
You feel mighty!
You slice the kobold!!
You kill the kobold!
The goblin hits you.
You slice the goblin!!
You kill the goblin!
The rat bites you.
You closely miss the rat. The rat is struck by your spines.
You kill the rat!
No target in view!
No target in view!
You see here a +2 short sword of draining.
Unknown command.
Unknown command.
Calm down first, please.
Calm down first, please.
Are you sure you want to abandon this character and quit the game? (Confirm with "yes".)

##############
#.......@....#
#.########.....#
#.# ###.# #.#
##.## #...#
##'## ##...##
##.....##


There were no monsters in sight!

Vanquished Creatures
  A dart slug (D:1)
  A giant cockroach (D:1)
  A goblin (D:1)
  A hobgoblin (D:1)
  3 kobolds (D:1)
  3 rats (D:1)
10 creatures vanquished.

Notes
Turn   | Place    | Note
-------+----------+-------------------------------------------
     0 | D:1      | EtherCrawl the Hedgehog Derserker began the quest for the
                  | Orb.
     0 | D:1      | Reached XP level 1. HP: 13/13 MP: 2/2
    39 | D:1      | Reached XP level 2. HP: 17/18 MP: 1/3
   119 | D:1      | Quit the game

Levels and vault maps discovered:
D:1:      dpeg_arrival_boxorama, layout_loops_ring, dk_noncrumbling_3

Skill      XL: |  1  2 |
---------------+-------+-----
Axes           | 3 |  3.0
Fighting       | |  2.5
Dodging        | |  3.3

Action                   || total
-------------------------++-------
Melee: Battleaxe         ||    15
 Stab: Sleeping          ||     1
Dodge: Dodged            ||     8

Table legend:
 A = Non-vault XP
 B = Vault XP
 C = Vault XP percentage of total XP
 D = Non-vault monster count
 E = Vault monster count
 F = Vault count percentage of total count
                 A         B        C        D         E       F
            +---------+---------+-------+---------+---------+-------
      Total |      18 |       0 |   0.0 |      10 |       0 |   0.0
            +---------+---------+-------+---------+---------+-------
        D:1 |      18 |       0 |   0.0 |      10 |       0 |   0.0
            +---------+---------+-------+---------+---------+-------
